 Dungeon Crawl Stone Soup version 0.31-a0-524-g2a164cf6a2 (webtiles) character file.

Game seed: 1807428531744252877

1611333 EnegeticOcto the Evocator (level 25, 258/258 HPs)
             Began as a Yellow Draconian Artificer on Aug 12, 2023.
             Was a Follower of Uskayaw.
             Escaped with the Orb
             ... and 3 runes!
             The game lasted 02:19:28 (72037 turns).

EnegeticOcto the Evocator (DrAr)                   Turns: 72037, Time: 02:19:28

Health: 258/258    AC: 24    Str: 20    XL:     25   Next: 62%
Magic:  34/34      EV: 28    Int: 13    God:    Uskayaw [*.....]
Gold:   2856       SH: 23    Dex: 23    Spells: 20/32 levels left

rFire   + + .        b - +9 rapier (chaos)
rCold   + + +        J - +2 kite shield {rF+}
rNeg    . . .        (body armour unavailable)
rPois   +            f - +1 hat {Will+}
rElec   +            C - +2 cloak {rPois}
rCorr   +            r - +2 pair of gloves {Str+3}
SInv    .            e - +3 pair of mountain boots {steadfast, rC+}
Will    +++..        Y - amulet "Zuefal" {Reflect rElec rC+ Regen+ Dex+3 SH+5}
Stlth   ++           n - ring of Menasirph {rC+ Will+ rCorr Slay+6}
HPRegen 1.43/turn    V - ring of Lezxet {Fly rF+}
MPRegen 0.24/turn

%: reflection
@: maw-form, flying, studying 3 skills
A: devouring maw, spit acid, AC +12, unfitting armour, acidic bite,
cold-blooded, acid resistance, cold resistance 1, deterioration 1, robust 1,
shaggy fur 1, devolution 1
0: Orb of Zot
}: 3/15 runes: decaying, serpentine, abyssal
a: Breathe Acid, Begin Untransformation, Renounce Religion, Stomp


You escaped.
You worshipped Uskayaw.
Uskayaw was pleased with you.
You were a creature with a mouth for a stomach.
You visited 10 branches of the dungeon, and saw 47 of its levels.
You visited the Abyss 3 times.
You also visited: Trove, Bailey and Wizlab.

You collected 6500 gold pieces.
You spent 3644 gold pieces at shops.

Inventory:

Hand Weapons
 b - a +9 rapier of chaos (weapon)
   (You acquired it on level 13 of the Dungeon)
 l - the +5 rapier "Pauchoh" {heavy, rElec rF+ Will+}
   (You acquired it on level 1 of the Vaults)

   rF+:       It protects you from fire.
   rElec:     It insulates you from electricity.
   Will+:     It increases your willpower.
 K - the +8 rapier of Xepniluf {heavy, rElec rPois Str-3}
   (You found it on level 3 of the Elven Halls)

   Str-3:     It affects your strength (-3).
   rElec:     It insulates you from electricity.
   rPois:     It protects you from poison
Missiles
 u - a throwing net {!f}
 N - 4 curare-tipped darts (quivered)
Armour
 e - the +3 pair of mountain boots (worn) {steadfast, rC+}
   (You found it on level 3 of the Elven Halls)

   Steadfast: It prevents involuntary movement, except for blinking,
   teleportation, or banishment.
   rC+:       It protects you from cold.
 f - a +1 hat of willpower (worn)
   (You found it on level 4 of the Depths)
 r - a +2 pair of gloves of strength (worn)
   (You bought it in a shop on level 2 of the Orcish Mines)
 C - a +2 cloak of poison resistance (worn)
   (You took it off Nikola on level 1 of the Depths)
 J - a +2 kite shield of fire resistance (worn)
   (You took it off a naga warrior on level 4 of the Snake Pit)
Jewellery
 n - the ring of Menasirph (left hand) {rC+ Will+ rCorr Slay+6}
   (You found it on level 3 of the Depths)

   [ring of willpower]

   Slay+6:    It affects your accuracy & damage with ranged weapons and melee
   (+6).
   rC+:       It protects you from cold.
   Will+:     It increases your willpower.
   rCorr:     It protects you from acid and corrosion.
 F - the ring "Kighymau" {AC+4 Stlth+, =R}
   (You acquired it in a bailey)

   [ring of protection]

   AC+4:      It affects your AC (+4).
   Stlth+:    It makes you more stealthy.
 V - the ring of Lezxet (right hand) {Fly rF+}
   (You found it on level 1 of the Elven Halls)

   [ring of flight]

   rF+:       It protects you from fire.
   Fly:       It grants you flight.
 Y - the amulet "Zuefal" (around neck) {Reflect rElec rC+ Regen+ Dex+3 SH+5}
   (You bought it in a shop on level 2 of the Snake Pit)

   [amulet of reflection]

   Reflect:   It reflects blocked missile attacks.
   Dex+3:     It affects your dexterity (+3).
   rC+:       It protects you from cold.
   rElec:     It insulates you from electricity.
   Regen+:    It increases your rate of health regeneration.
   SH+5:      It affects your SH (+5).
Wands
 c - a wand of charming (15)
 h - a wand of acid (42) {@v1}
   (You found it on level 1 of the Swamp)
 m - a wand of digging (13) {@v3}
   (You found it on level 2 of the Swamp)
 v - a wand of paralysis (61)
   (You found it on level 4 of the Dungeon)
 w - a wand of roots (30) {@v2}
   (You found it on level 4 of the Dungeon)
 I - a wand of mindburst (54)
   (You found it on level 6 of the Dungeon)
 X - a wand of polymorph (17)
   (You found it on level 11 of the Dungeon)
Scrolls
 a - a scroll of revelation {@r5 !r}
 d - a scroll of blinking {@r4}
 s - 13 scrolls of teleportation {@r3 !r}
 y - 8 scrolls of poison
 E - 2 scrolls of fog {!r}
 G - 2 scrolls of summoning
 H - 5 scrolls of silence {!r}
 L - 6 scrolls of enchant weapon
 O - 11 scrolls of vulnerability
 U - 5 scrolls of immolation
 Z - 7 scrolls of fear {!r}
Potions
 i - 2 potions of magic
 j - 8 potions of heal wounds {@q2 !q}
 p - 13 potions of curing {@q1 !q}
 q - 7 potions of haste {@q4 !q}
 t - 10 potions of might {@q3 !q}
 x - 6 potions of enlightenment
 A - 3 potions of berserk rage
 B - 4 potions of resistance
 M - 6 potions of mutation
 P - 10 potions of attraction
 Q - 5 potions of lignification {@q6}
 R - 6 potions of invisibility
 S - 2 potions of ambrosia
 W - 3 potions of cancellation
Miscellaneous
 g - a lightning rod (4/4)
   (You found it on level 7 of the Dungeon)
 k - a phial of floods (inert)
   (You found it in a treasure trove)
 o - a sack of spiders
   (You found it in a treasure trove)
 z - a tin of tremorstones (2/2)
   (You found it on level 15 of the Dungeon)
 D - a phantom mirror
   (You found it on level 3 of the Swamp)


   Skills:
 - Level 21.0 Fighting
 - Level 14.0 Short Blades
 + Level 19.7 Dodging
 - Level 10.0 Stealth
 + Level 17.5 Shields
 - Level 4.0 Spellcasting
 - Level 12.0 Translocations
 - Level 5.0 Transmutations
 - Level 7.0 Air Magic
 - Level 5.0 Earth Magic
 - Level 15.0 Invocations
 - Level 21.0 Evocations
 - Level 15.0 Shapeshifting


You had 20 spell levels left.
You knew the following spells:

 Your Spells              Type           Power      Damage    Failure   Level
a - Vhi's Electric Charg  Tloc/Air       54%        N/A       1%          3
b - Manifold Assault      Tloc           33%        N/A       1%          4
c - Apportation           Tloc           66%        N/A       1%          1
p - Passwall              Tmut/Erth      12%        N/A       5%          2
Y - Blink                 Tloc           66%        N/A       1%          2

Your spell library contained the following spells:

 Spells                   Type           Power      Damage    Failure   Level
 Lesser Beckoning         Tloc           66%        N/A       1%          2
 Gell's Gravitas          Tloc           33%        N/A       1%          3
 Teleport Other           Tloc           33%        N/A       1%          3
 Passage of Golubria      Tloc           33%        N/A       1%          4
 Sandblast                Erth           30%        2d9       3%          1
 Momentum Strike          Conj/Tloc      36%        3d9       3%          2
 Swiftness                Air            20%        N/A       4%          3
 Wereblood                Tmut           15%        N/A       5%          2
 Shock                    Conj/Air       44%        1d5       7%          1
 Volatile Blastmotes      Fire/Tloc      36%        2d13      8%          3
 Static Discharge         Conj/Air       22%        2-3/arc   11%         2
 Airstrike                Air            10%        2d(2-18)  16%         4
 Cigotuvi's Dreadful Rot  Necr/Pois/Air  16%        N/A       17%         2
 Foxfire                  Conj/Fire      8%         2x1d4     28%         1
 Magic Dart               Conj           8%         1d3       28%         1
 Necrotise                Necr           8%         1d4       28%         1
 Slow                     Hex            8%         N/A       28%         1
 Summon Small Mammal      Summ           8%         N/A       28%         1
 Stone Arrow              Conj/Erth      18%        3d8       30%         3
 Dispersal                Tloc           16%        N/A       32%         6
 Petrify                  Tmut/Erth      15%        N/A       36%         4
 Ensorcelled Hibernation  Hex/Ice        4%         N/A       41%         2
 Scorch                   Fire           4%         2d5       41%         2
 Searing Ray              Conj           4%         2d4       41%         2
 Sublimation of Blood     Necr           2%         N/A       41%         2
 Summon Lightning Spire   Summ/Air       11%        N/A       56%         4
 Summon Forest            Summ/Tloc      9%         N/A       56%         5
 Confusing Touch          Hex            2%         N/A       65%         3
 Hailstorm                Conj/Ice       2%         3d3       65%         3
 Ozocubu's Armour         Ice            2%         N/A       65%         3
 Tukima's Dance           Hex            2%         N/A       65%         3
 Vampiric Draining        Necr           2%         2d6       65%         3
 Leda's Liquefaction      Hex/Erth       4%         N/A       71%         4
 Lee's Rapid Deconstruct  Erth           7%         3d7*      71%         5
 Arcjolt                  Conj/Air       5%         1d15      88%         5
 Silence                  Hex/Air        5%         N/A       88%         5
 Animate Dead             Necr           2%         N/A       96%         4
 Dispel Undead            Necr           2%         3d7       96%         4
 Flame Wave               Conj/Fire      2%         2d4       96%         4
 Fulminant Prism          Conj/Hex       1%         3d5       96%         4
 Summon Ice Beast         Ice/Summ       2%         N/A       96%         4
 Borgnjor's Vile Clutch   Necr/Erth      4%         N/A       96%         5
 Irradiate                Conj/Tmut      4%         3d13      96%         5
 Yara's Violent Unravell  Hex/Tmut       4%         3d4       96%         5
 Agony                    Necr           2%         N/A       100%        5
 Metabolic Englaciation   Hex/Ice        1%         N/A       100%        5
 Death Channel            Necr           1%         N/A       100%        6
 Leda's Unmaking          Conj/Erth      4%         9d2       100%        6
 Plasma Beam              Fire/Air       5%         2x1d16    100%        6
 Simulacrum               Ice/Necr       1%         N/A       100%        6
 Starburst                Conj/Fire      1%         6d3       100%        6
 Summon Cactus Giant      Summ           1%         N/A       100%        6
 Enfeeble                 Hex            1%         N/A       100%        7
 Haunt                    Necr/Summ      1%         N/A       100%        7
 Monstrous Menagerie      Summ           1%         N/A       100%        7
 Summon Hydra             Summ           1%         N/A       100%        7
 Disjunction              Tloc           16%        N/A       100%        8
 Infestation              Necr           1%         N/A       100%        8
 Lehudib's Crystal Spear  Conj/Erth      4%         10d3      100%        8
 Animate Armour           Summ/Erth      Unusable   N/A       N/A         4

Dungeon Overview and Level Annotations

Branches:
Dungeon (15/15)            Temple (1/1) D:6            Lair (5/5) D:9
  Swamp (4/4) Lair:2        Snake (4/4) Lair:2        Slime (0/5) Lair:5
    Orc (2/2) D:11            Elf (3/3) Orc:2        Vaults (4/5) D:14
  Crypt (0/3) Vaults:2     Depths (4/4) D:15            Zot (5/5) Depths:4
 Bailey (visited)          WizLab (visited)

Altars:
Ashenzari
Cheibriados
Dithmenos
Elyvilon
Fedhas
Gozag
Hepliaklqana
Kikubaaqudgha
Makhleb
Nemelex Xobeh
Okawaru
Qazlal
Ru
Sif Muna
Trog
Uskayaw
Vehumet
Wu Jian
Xom
Yredelemnul
Zin
The Shining One
Jiyva
Lugonu

Shops:
D:2 !   D:3 *   Orc:2 (*=[*?   Elf:1 (   Elf:2 !   Elf:3 (   Snake:2 ::=
Snake:4 *   Vaults:1 [   Depths:1 [   Depths:3 *[   Depths:4 =

Portals:
Hell: Depths:1 Depths:2 Depths:3 Depths:4
Abyss: Lair:5 Depths:3
Pandemonium: Orc:2 Depths:2 Depths:4
Ziggurat: Depths:1

Annotations:
D:3 1 runed translucent door, namnaref's ghost, amateur OpEE
D:4 1 runed translucent door, exclusion: door, blacky4's ghost, amateur GrEE
Snake:4 3 runed translucent doors, exclusion: obsidian statue, confidenceinterval's ghost, adept MfSh
Orc:2 2 exclusions
Depths:3 2 transporters
Zot:5 1 exclusion


Innate Abilities, Weirdness & Mutations

You are a creature with a mouth for a stomach.
Your midsection houses a second, enormous mouth.
You can spit globs of acid.
Your golden yellow scales are hard. (AC +12)
You cannot fit into any form of body armour.
You have acidic saliva.
You are cold-blooded and may be slowed by cold attacks.
You are resistant to acid. (rCorr)
Your flesh is cold resistant. (rC+)
Your body sometimes deteriorates upon taking damage.
You are robust. (+10% HP)
You are covered in fur. (AC +1)
You have hidden genetic defects.


Message History

You bite the Orb Guardian!
The Orb Guardian is heavily wounded.
The Orb Guardian hits you but does no damage.
You impale the Orb Guardian!! Your bite misses the Orb Guardian.
The Orb Guardian is severely wounded.
You block the Orb Guardian's attack.
You can now pass through a line of other dancers.
A Brimstone Fiend comes into view.
You hit the Orb Guardian. You freeze the Orb Guardian.
You bite the Orb Guardian, but do no damage.
You bite the Orb Guardian!
The Orb Guardian is almost dead.
The Orb Guardian hits you but does no damage.
Aiming: Line Pass
Press: ? - help, Dir - move target, f - you, p - Orb Guardian
Okay, then.
The Brimstone Fiend attacks as you move away!
You block the Brimstone Fiend's attack. x2; The Brimstone Fiend misses you.
You block the Orb Guardian's attack.
Aiming: Line Pass
Press: ? - help, Dir - move target, p - Orb Guardian The Brimstone Fiend appears confused.
You can no longer pass through a line of other dancers.
You block the Orb Guardian's attack.
You block the Brimstone Fiend's attack. x3
You hit the Brimstone Fiend. You tail-slap the Brimstone Fiend.
Your bite misses the Brimstone Fiend. You bite the Brimstone Fiend!!
The Brimstone Fiend is moderately wounded.
You block the Orb Guardian's attack.
You can now pass through a line of other dancers.
You catch the helpless Brimstone Fiend completely off-guard!
You stick the Brimstone Fiend like a pincushion!!!
You freeze the Brimstone Fiend.
The Brimstone Fiend is almost dead.
The Brimstone Fiend seems less confused.
You block the Brimstone Fiend's attack. x3
Aiming: Line Pass
Press: ? - help, Dir - move target The Brimstone Fiend appears confused.
You block the Orb Guardian's attack.
Casting: Vhi's Electric Charge (safe; 1% risk of failure)
Confirm with . or Enter, or press ? or * to list all spells.
Charge where?
Press: ? - help, Dir - move target, f - Brimstone Fiend
Aim: a Brimstone Fiend (almost dead, confused, 97% to hit)
You charge forward with an electric crackle!
You catch the helpless Brimstone Fiend completely off-guard!
You skewer the Brimstone Fiend like a kebab and electrocute it!!!
You kill the Brimstone Fiend!
The Orb Guardian barely misses you.
You closely miss the Orb Guardian. You tail-slap the Orb Guardian.
The Orb Guardian is almost dead.
The Orb Guardian hits you but does no damage.
You hit the Orb Guardian.
Lightning courses through the Orb Guardian!
You kill the Orb Guardian!
Your life force feels restored.
(D) Dungeon (T) Temple (L) Lair (S) Swamp (P) Snake Pit (M) Slime Pits (O) Orcish Mines (E) Elven Halls (V) Vaults (C) Crypt (U) Depths (H) Hell (Z) Zot
Where to? (Tab/Enter - D:1 @ (x,y), ? - help) HP restored.
There is a stone staircase leading up here.
You fly upwards.
There is a stone staircase leading down here.
A sixfirhy comes into view.
There is a stone staircase leading up here.
You fly upwards.
Level annotation: 1 runed translucent door, exclusion: door, blacky4's ghost, amateur GrEE
There is a stone staircase leading down here.
(D) Dungeon (T) Temple (L) Lair (S) Swamp (P) Snake Pit (M) Slime Pits (O) Orcish Mines (E) Elven Halls (V) Vaults (C) Crypt (U) Depths (H) Hell (Z) Zot
Where to? (Tab/Enter - D:1 @ (x,y), ? - help)
There is a stone staircase leading up here.
You fly upwards.
Level annotation: 1 runed translucent door, namnaref's ghost, amateur OpEE
There is a stone staircase leading down here.
There is a stone staircase leading up here.
You fly upwards.
There is a stone staircase leading down here.
There is an open door here.
Magic restored.
There is an entrance to Acadghoc's Distillery here.
You see here a potion of degeneration.
A Hell Sentinel comes into view.
There is a stone staircase leading up here.
The Hell Sentinel gestures at you.
The sphere of damnation explodes!
The damnation engulfs you!!!
You fly upwards.
There is a stone staircase leading down here.
(D) Dungeon (T) Temple (L) Lair (S) Swamp (P) Snake Pit (M) Slime Pits (O) Orcish Mines (E) Elven Halls (V) Vaults (C) Crypt (U) Depths (H) Hell (Z) Zot
Where to? (Tab/Enter - D:1 @ (x,y), ? - help) HP restored.
There is a staircase leading out of the dungeon here.
You have escaped!

#.##.#.....# #.#
#.##.♣♣♣...♣♣♣##### #.#
#.##♣♣.......♣♣...###.#
#.#♣♣.........♣♣......#
#..♣....♣.♣....♣..#####
###♣.....⌠.....♣.##
####.♣....♣.♣...♣#.#
.....♣♣..........♣.#
####..♣♣.....♣#.W♣.#
##..♣♣♣♣♣♣♣♣♣♣#.# ##.#
#.# #### #.# #.#
...###.# #.# .......#
#.# ##.##### #.#
#.###############.#
#.................#


There were no monsters in sight!

Vanquished Creatures
  2 dread liches (Zot:5)
  An ancient lich (Zot:5)
  Mara (Depths:1)
  3 orbs of fire
  2 juggernauts (Depths:3)
  3 Killer Klowns
  Margery (Depths:3)
  Saint Roka (Depths:1)
  4 curse toes
  Nikola (Depths:1)
  8 golden dragons
  A bone dragon (Depths:4)
  A Tzitzimitl (D:7)
  4 electric golems
  A Brimstone Fiend (D:6)
  8 tentacled monstrosities
  A Cloud Mage (WizLab)
  Jorgrun (Snake:2)
  Rupert (D:12)
  3 liches
  18 Orb Guardians
  An acid blob (Zot:5)
  2 walking earthen tomes
  6 deep elf blademasters
  2 walking frostbound tomes
  4 quicksilver dragons
  An ancient champion (Depths:3)
  A tentacled starspawn (Abyss:3)
  A deep elf master archer (Elf:3)
  A titan (Depths:2)
  8 death cobs
  An Executioner (Abyss:3)
  4 sphinxes
  Kirke (D:12)
  2 thorn hunters (Swamp:3)
  2 shadow dragons
  5 storm dragons
  Aizul (Depths:1)
  3 tengu reavers
  6 draconian monks
  6 fenstrider witches
  8 nagarajas
  5 draconian knights
  5 fire giants
  5 frost giants
  2 iron dragons (Depths:3)
  An emperor scorpion (Depths:2)
  6 vault wardens
  10 deep elf sorcerers
  A draconian scorcher (Zot:4)
  Louise (Elf:2)
  4 spriggan defenders
  3 orc warlords
  A balrug (Depths:4)
  20 ironbound preservers
  2 ghouls
  2 cacodemons (Abyss:3)
  6 deep elf elementalists (Elf:3)
  7 draconian annihilators
  11 draconian shifters
  A reaper (Swamp:4)
  3 draconian stormcallers
  The ghost of Fihan the Devastator, a journeyman DsCj of Gozag (D:14)
  19 very ugly things
  2 ironbound thunderhulks
  3 formless jellyfish
  A war gargoyle (Vaults:4)
  8 black draconians
  13 green draconians
  10 stone giants
  12 deep elf annihilators
  8 dire elephants
  5 eleionomae
  6 deep elf demonologists
  3 white draconians
  12 yellow draconians
  4 bunyips
  5 red draconians
  8 spark wasps
  12 purple draconians
  An eidolon (Vaults:2)
  2 blizzard demons (WizLab)
  Josephine (D:11)
  7 deep elf death magi
  10 ettins
  11 fire dragons
  A crystal guardian (D:14)
  A green death (Swamp:4)
  A merfolk impaler (Depths:2)
  6 great orbs of eyes
  6 deep elf high priests
  9 yaktaur captains
  3 shambling mangroves
  11 vault guards
  4 salamander tyrants
  5 ice dragons
  A hell beast (Depths:1)
  An ogre mage (Swamp:4)
  A peacekeeper (Vaults:2)
  14 hydras
  9 ironbound frosthearts
  A demonspawn (Orc:2)
  16 spriggan air magi
  5 rakshasas
  3 ghost crabs
  8 boulder beetles
  3 catoblepae
  16 centaur warriors
  28 dancing weapons
  8 anacondas
  6 two-headed ogres
  14 naga warriors
  9 alligators
  3 death yaks
  11 deep troll shamans
  11 deep troll earth magi
  A two-headed ogre (shapeshifter) (Depths:3)
  5 tengu warriors
  5 orc high priests
  12 shock serpents
  2 vampire magi
  8 spriggan berserkers
  3 thrashing horrors (Lair:5)
  10 spriggans
  13 naga sharpshooters
  A soul eater (Swamp:4)
  12 hell knights
  21 deep elf knights
  13 iron trolls
  3 skeletal warriors
  A sun demon (Depths:4)
  7 salamander mystics
  3 death drakes
  76 deep trolls
  2 sixfirhies
  5 spriggan druids
  9 spectral anacondas (Snake:1)
  An anaconda zombie (Snake:1)
  2 flayed ghosts (D:14)
  5 goliath frogs
  3 lindwurms (Vaults:3)
  5 swamp dragons
  An obsidian statue (Swamp:3)
  A bog body (Swamp:1)
  4 glowing orange brains
  19 deep elf archers
  4 naga ritualists
  2 anaconda skeletons (Snake:1)
  15 wizards
  12 orc knights
  11 harpies
  5 necromancers
  11 orc sorcerers
  A wolf spider (D:15)
  11 ironbound convokers
  35 deep elf zephyrmancers
  6 mana vipers
  A shining eye (Abyss:3)
  41 deep elf pyromancers
  A human zombie (Vaults:2)
  9 moths of wrath
  17 salamanders
  14 manticores
  3 will-o-the-wisps (Swamp:2)
  35 ugly things
  2 cyclopes (D:14)
  6 elephants (Lair:4)
  4 guardian serpents (Snake:2)
  11 naga magi
  2 apocalypse crabs (WizLab)
  13 vault sentinels
  A guardian serpent (shapeshifter) (Lair:5)
  An orange demon (Orc:2)
  5 torpor snails
  36 black mambas
  12 cane toads
  2 smoke demons
  5 gargoyles
  A yaktaur (shapeshifter) (D:14)
  An unseen horror (D:11)
  11 yaktaurs
  7 komodo dragons
  5 anaconda simulacra (Snake:1)
  2 kobold demonologists (D:12)
  2 hydra zombies (Swamp:4)
  5 freezing wraiths (D:14)
  A tormentor (D:13)
  2 tengu conjurers
  5 trolls
  4 hellwings
  A wind drake (shapeshifter) (Lair:5)
  7 tyrant leeches
  2 polar bears (Lair:2)
  24 blink frogs
  4 wind drakes (WizLab)
  A raiju (shapeshifter) (Lair:5)
  18 hornets
  24 slime creatures
  A raiju (Lair:5)
  A centaur simulacrum (D:14)
  9 large abominations
  5 dream sheep (Lair:4)
  An ettin zombie (Vaults:2)
  A flying skull (Abyss:3)
  A ynoxinul (Orc:2)
  19 air elementals
  6 wraiths
  7 wyverns
  A yak (shapeshifter) (D:14)
  2 vampires
  12 water elementals
  5 basilisks
  41 yaks
  An ettin skeleton (Vaults:2)
  A shadow (D:11)
  A hog (shapeshifter) (Elf:2)
  11 fire elementals
  2 golden eyes (Abyss:3)
  A redback simulacrum (D:15)
  4 steam dragons
  A neqoxec (Swamp:4)
  3 wargs
  2 hogs (D:12)
  A redback (shapeshifter) (Depths:1)
  4 chaos spawn
  52 nagas
  An acid dragon (D:11)
  19 swamp worms
  14 water moccasins
  5 swamp drakes
  5 hell hounds (Depths:1)
  5 floating eyes
  7 black bears
  An ice beast (D:5)
  4 sky beasts
  42 orc warriors
  3 ogres
  A boggart (D:14)
  27 wolves
  5 centaurs
  A centaur (shapeshifter) (D:14)
  3 kobold brigands
  9 bullfrogs
  11 earth elementals
  2 gnoll sergeants (D:9)
  2 scorpions
  15 wights
  13 killer bees
  3 electric eels
  7 howler monkeys
  3 lava snakes (Lair:2)
  2 quasits (D:4)
  5 hounds
  4 jellies
  3 gnoll boudas
  20 orc priests
  A sleepcap (D:5)
  18 orc wizards
  3 iguanas
  15 small abominations
  18 gnolls
  10 adders
  2 shadow imps
  3 white imps
  4 ufetubi
  3 worms
  3 dart slugs
  90 orcs
  5 endoplasms
  4 giant cockroaches
  3 goblins
  9 hobgoblins
  6 jackals
  17 kobolds
  2 quokkas
  7 ball pythons
  5 bats
  5 frilled lizards
  12 rats
  A butterfly (Lair:4)
2005 creatures vanquished.

Vanquished Creatures (collateral kills)
  A very ugly thing (Vaults:4)
  A deep troll (Vaults:4)
  A neqoxec (Swamp:4)
3 creatures vanquished.

Vanquished Creatures (others)
  A draconian knight (Zot:2)
  A deep elf annihilator (Elf:3)
  An ettin (Depths:1)
  2 deep elf knights
  A wizard (Vaults:4)
  2 deep elf pyromancers
  2 bloated husks
  A hornet (Swamp:4)
  An air elemental (Elf:1)
  A spriggan (Swamp:4)
  A chaos spawn (Swamp:4)
  A human zombie (Vaults:2)
  An orc priest (Orc:2)
  A jelly (Abyss:3)
  2 kobolds (D:7)
  24 foxfires
  2 starspawn tentacles (Abyss:3)
45 creatures vanquished.

Grand Total: 2053 creatures vanquished

Notes
Turn   | Place    | Note
-------+----------+-------------------------------------------
     0 | D:1      | EnegeticOcto the Draconian Artificer began the quest for
                  | the Orb.
     0 | D:1      | Reached XP level 1. HP: 16/16 MP: 1/1
    43 | D:1      | Reached skill level 1 in Stealth
   131 | D:1      | Reached skill level 2 in Stealth
   131 | D:1      | Reached XP level 2. HP: 23/23 MP: 2/2
   397 | D:1      | Reached skill level 2 in Fighting
   633 | D:1      | Found a faded altar of an unknown god.
   907 | D:1      | Reached XP level 3. HP: 30/30 MP: 3/3
  1099 | D:2      | Found Acadghoc's Distillery.
  1138 | D:2      | Reached skill level 3 in Fighting
  1237 | D:2      | Bought a potion of heal wounds for 70 gold pieces
  1304 | D:2      | Found an iron altar of Okawaru.
  1425 | D:2      | Bought a potion of degeneration for 14 gold pieces
  1661 | D:3      | Reached XP level 4. HP: 40/40 MP: 4/4
  1748 | D:3      | Reached skill level 4 in Fighting
  1848 | D:3      | Found a runed translucent door.
  1849 | D:3      | Noticed namnaref's ghost (amateur OpEE)
  1969 | D:3      | Found Fioduvoury's Assorted Antiques.
  2174 | D:3      | Found an opulent altar of Gozag.
  2177 | D:3      | Found a broken altar of Ashenzari.
  2179 | D:3      | Found an ancient bone altar of Kikubaaqudgha.
  2180 | D:3      | Found a sparkling altar of Nemelex Xobeh.
  2185 | D:3      | Found a shimmering blue altar of Sif Muna.
  2263 | D:3      | Reached skill level 1 in Short Blades
  2268 | D:3      | Reached XP level 5. HP: 44/47 MP: 5/5
  2560 | D:4      | Found an iron altar of Okawaru.
  2624 | D:4      | Reached skill level 5 in Fighting
  2803 | D:4      | Reached skill level 2 in Short Blades
  2989 | D:4      | Found a runed translucent door.
  2999 | D:4      | Noticed blacky4's ghost (amateur GrEE)
  3009 | D:4      | Reached skill level 3 in Short Blades
  3009 | D:4      | Reached XP level 6. HP: 56/56 MP: 6/6
  3177 | D:4      | Reached skill level 1 in Shapeshifting
  3592 | D:4      | Reached skill level 2 in Shapeshifting
  3978 | D:4      | Reached skill level 3 in Shapeshifting
  4229 | D:5      | Entered Level 5 of the Dungeon
  4299 | D:5      | Reached skill level 1 in Shields
  4299 | D:5      | Your scales start taking on a golden yellow colour.
  4299 | D:5      | Reached XP level 7. HP: 58/61 MP: 7/7
  4299 | D:5      | Gained mutation: You are resistant to acid. (rCorr) [Yellow
                  | Draconian growth]
  4392 | D:5      | Found a bloodstained altar of Trog.
  4453 | D:5      | Reached skill level 2 in Shields
  4472 | D:5      | Reached skill level 4 in Shapeshifting
  4560 | D:5      | Reached skill level 3 in Shields
  4833 | D:5      | Found a snail-covered altar of Cheibriados.
  4897 | D:5      | Reached XP level 8. HP: 59/68 MP: 8/8
  4964 | D:5      | Reached skill level 4 in Shields
  5015 | D:5      | Reached skill level 5 in Shapeshifting
  5461 | D:6      | Found a staircase to the Ecumenical Temple.
  5469 | Temple   | Entered the Ecumenical Temple
  5600 | D:6      | Reached skill level 6 in Shapeshifting
  5607 | D:6      | Reached skill level 4 in Short Blades
  5968 | D:6      | Reached skill level 5 in Short Blades
  6562 | D:7      | Found a hide-covered altar of Uskayaw.
  6570 | D:7      | Became a worshipper of Uskayaw the Reveller
  6573 | D:7      | Reached * piety under Uskayaw
  6575 | D:7      | Reached skill level 6 in Short Blades
  6623 | D:7      | Reached ** piety under Uskayaw
  6629 | D:7      | Reached *** piety under Uskayaw
  6698 | D:7      | Found a flagged portal.
  6715 | Bailey   | Entered a bailey
  6735 | Bailey   | Reached skill level 1 in Invocations
  6735 | Bailey   | Reached XP level 9. HP: 70/74 MP: 9/9
  6821 | Bailey   | Reached skill level 2 in Invocations
  7223 | Bailey   | Reached skill level 6 in Fighting
  7223 | Bailey   | Reached skill level 3 in Invocations
  7297 | Bailey   | Acquired 979 gold pieces
  7299 | Bailey   | Acquired the ring "Kighymau" {AC+4 Stlth+}
  7303 | Bailey   | Noticed an orc knight
  7303 | Bailey   | Noticed an orc knight
  7304 | Bailey   | Noticed an orc knight
  7309 | Bailey   | Reached **** piety under Uskayaw
  7310 | Bailey   | Killed an orc knight
  7311 | Bailey   | Reached skill level 7 in Short Blades
  7311 | Bailey   | Reached skill level 4 in Invocations
  7312 | Bailey   | Killed an orc knight
  7312 | Bailey   | Reached ***** piety under Uskayaw
  7313 | Bailey   | Reached skill level 7 in Fighting
  7318 | Bailey   | Killed an orc knight
  7319 | Bailey   | Reached skill level 5 in Invocations
  7319 | Bailey   | Reached XP level 10. HP: 36/86 MP: 13/13
  7327 | Bailey   | Identified the +9 arbalest "Cupel" {flame, rPois rC- Str+6}
  7552 | D:2      | Bought a potion of curing for 42 gold pieces
  7552 | D:2      | Bought a potion of berserk rage for 70 gold pieces
  7552 | D:2      | Bought 2 potions of enlightenment for 140 gold pieces
  7552 | D:2      | Bought 2 potions of mutation for 224 gold pieces
  7583 | D:3      | Bought a fading dagger for 182 gold pieces
  7583 | D:3      | Identified the +1 dagger "Yquon" {chaos, Fragile rCorr
                  | Str+9 Stlth+} (You bought it in a shop on level 3 of the
                  | Dungeon)
  7583 | D:3      | Bought a potion of curing for 78 gold pieces
  7583 | D:3      | Bought a scroll of teleportation for 78 gold pieces
  7583 | D:3      | Bought 2 scrolls of teleportation for 156 gold pieces
  7794 | D:7      | Identified the +5 scale mail of Noekek {rPois Will+ Str-4}
  7837 | D:7      | Reached skill level 8 in Fighting
  7837 | D:7      | Reached skill level 8 in Short Blades
  8257 | D:7      | Reached skill level 9 in Fighting
  8521 | D:7      | Learned a level 2 spell: Blink
  8901 | D:8      | Reached skill level 1 in Translocations
  8936 | D:8      | Reached skill level 9 in Short Blades
  9154 | D:8      | Reached skill level 2 in Translocations
  9213 | D:8      | Gained mutation: You sometimes lose your temper in combat.
                  | [potion of mutation]
  9213 | D:8      | Gained mutation: Your tail ends in a venomous barb. [potion
                  | of mutation]
  9214 | D:8      | Lost mutation: You sometimes lose your temper in combat.
                  | [potion of mutation]
  9214 | D:8      | Lost mutation: Your tail ends in a venomous barb. [potion
                  | of mutation]
  9214 | D:8      | Gained mutation: You sometimes lose your temper in combat.
                  | [potion of mutation]
  9214 | D:8      | Gained mutation: You have hidden genetic potential. [potion
                  | of mutation]
  9214 | D:8      | Gained mutation: You are robust. (+10% HP) [potion of
                  | mutation]
  9214 | D:8      | Lost mutation: You sometimes lose your temper in combat.
                  | [potion of mutation]
  9308 | D:8      | Reached skill level 10 in Fighting
  9478 | D:8      | Reached skill level 3 in Translocations
  9865 | D:9      | Reached skill level 11 in Fighting
  9870 | D:9      | Reached skill level 4 in Translocations
 10189 | D:9      | Noticed a death yak
 10189 | D:9      | Noticed a death yak
 10225 | D:9      | Killed a death yak
 10226 | D:9      | Reached XP level 11. HP: 35/112 MP: 14/14
 10282 | D:9      | Noticed a cyan ugly thing
 10476 | D:9      | Killed a cyan ugly thing
 10477 | D:9      | Reached skill level 10 in Short Blades
 10786 | D:9      | Noticed a two-headed ogre
 10798 | D:9      | Killed a two-headed ogre
 11010 | D:9      | Reached skill level 5 in Translocations
 11076 | D:9      | Noticed a two-headed ogre
 11083 | D:9      | Killed a two-headed ogre
 11084 | D:9      | Reached skill level 12 in Fighting
 11084 | D:9      | Reached skill level 3 in Dodging
 11085 | D:9      | Gained mutation: Your flesh is cold resistant. (rC+)
                  | [hidden potential]
 11107 | D:9      | Noticed a death yak
 11144 | D:8      | Killed a death yak
 11347 | D:9      | Found a staircase to the Lair.
 11473 | D:9      | Killed a death yak
 11474 | D:9      | Reached skill level 5 in Shields
 11486 | D:9      | Reached skill level 4 in Dodging
 11681 | D:10     | Entered Level 10 of the Dungeon
 11718 | D:10     | Reached skill level 13 in Fighting
 11956 | D:10     | Reached skill level 6 in Shields
 12259 | D:10     | Noticed a two-headed ogre
 12284 | D:10     | Killed a two-headed ogre
 12462 | Lair:1   | Entered Level 1 of the Lair of Beasts
 12476 | Lair:1   | Reached skill level 5 in Dodging
 12636 | Lair:1   | Reached skill level 14 in Fighting
 12820 | Lair:1   | Reached skill level 7 in Shields
 12837 | Lair:1   | Reached XP level 12. HP: 91/128 MP: 13/15
 12854 | Lair:1   | HP: 6/128 [poisoned by a black mamba]
 13204 | Lair:1   | Reached skill level 8 in Shields
 13332 | Lair:1   | Identified the ring "Mevut" {Str+6 Dex+4}
 13400 | Lair:1   | Gained mutation: You are covered in fur. (AC +1) [hidden
                  | potential]
 13400 | Lair:1   | Lost mutation: You have hidden genetic potential. [hidden
                  | potential expressed]
 13687 | Lair:1   | Reached skill level 9 in Shields
 13869 | Lair:2   | Noticed an eight-headed hydra
 14234 | Lair:2   | Killed an eight-headed hydra
 14367 | Lair:2   | Reached skill level 4 in Evocations
 14434 | Lair:2   | Found a staircase to the Swamp.
 14568 | Lair:2   | Reached skill level 6 in Invocations
 14690 | Lair:2   | Found a staircase to the Snake Pit.
 14720 | Lair:2   | Reached skill level 6 in Translocations
 14965 | Lair:2   | Reached skill level 5 in Evocations
 15017 | Lair:2   | Noticed a dire elephant
 15030 | Lair:2   | Noticed an eight-headed hydra
 15121 | Lair:2   | Killed an eight-headed hydra
 15180 | Lair:2   | Killed a dire elephant
 15181 | Lair:2   | Reached skill level 7 in Invocations
 15232 | Lair:2   | Reached skill level 7 in Translocations
 15459 | Lair:2   | Noticed an anaconda
 15475 | Lair:2   | Killed an anaconda
 15542 | Lair:2   | Reached skill level 8 in Invocations
 16003 | Lair:2   | Reached skill level 8 in Translocations
 16003 | Lair:2   | Reached XP level 13. HP: 135/136 MP: 19/19
 16128 | Lair:2   | Reached skill level 15 in Fighting
 16470 | Lair:3   | Identified the +2 scale mail "Uzesurpha" {rC+}
 16839 | Lair:3   | Reached skill level 6 in Dodging
 17564 | Lair:3   | Reached skill level 10 in Shields
 17576 | Lair:3   | Found a snail-covered altar of Cheibriados.
 17957 | Lair:4   | Reached skill level 7 in Dodging
 18109 | Lair:4   | Reached skill level 8 in Dodging
 18125 | Lair:4   | Reached ****** piety under Uskayaw
 19055 | Lair:5   | Entered Level 5 of the Lair of Beasts
 19095 | Lair:5   | Reached skill level 9 in Invocations
 19214 | Lair:5   | Found a viscous altar of Jiyva.
 19217 | Lair:5   | Found a staircase to the Slime Pits.
 19270 | Lair:5   | Identified the +8 war axe "Wofubragai" {flame, Fragile
                  | Str+3 Int+4 Dex+10}
 19345 | Lair:5   | Reached skill level 9 in Dodging
 19702 | Lair:5   | Gained mutation: You have acidic saliva. [Yellow Draconian
                  | growth]
 19702 | Lair:5   | Reached XP level 14. HP: 148/148 MP: 21/21
 20564 | D:11     | Reached skill level 10 in Invocations
 20737 | D:11     | Found the +7 Kryia's mail coat {PotionHeal*2 rC+}
 20837 | D:11     | Found a staircase to the Orcish Mines.
 21047 | D:11     | Noticed Josephine
 21072 | D:11     | Killed Josephine
 21481 | D:11     | Reached skill level 10 in Dodging
 21707 | Orc:1    | Entered Level 1 of the Orcish Mines
 21757 | Orc:1    | Reached skill level 3 in Stealth
 22131 | Orc:2    | Entered Level 2 of the Orcish Mines
 22211 | Orc:2    | Found Ikudie's Weapon Boutique.
 22228 | Orc:2    | Found Xacoest's Overcharged Wands.
 22637 | Orc:2    | Reached skill level 4 in Stealth
 22709 | Orc:2    | Found a staircase to the Elven Halls.
 22728 | Orc:2    | Paralysed by an orc sorcerer for 5 turns
 23105 | Orc:2    | Found Rerghiany's Magic Scroll Shop.
 23113 | Orc:2    | Found Lonog's General Store.
 23154 | Orc:2    | Reached skill level 6 in Evocations
 23322 | Orc:2    | Bought a scroll of blinking for 112 gold pieces
 23322 | Orc:2    | Bought a scroll of immolation for 60 gold pieces
 23322 | Orc:2    | Bought 2 scrolls of fear for 120 gold pieces
 23579 | Orc:2    | Reached skill level 7 in Evocations
 23918 | Orc:2    | Reached skill level 8 in Evocations
 24196 | Orc:2    | Reached skill level 9 in Evocations
 24422 | Orc:2    | Found Esuma's Antique Armour Emporium.
 24422 | Orc:2    | Found a one-way gate leading to the halls of Pandemonium.
 24422 | Orc:2    | Found Nubuo's Jewellery Shoppe.
 24803 | D:12     | Noticed Kirke
 24807 | D:12     | Killed Kirke
 24822 | D:12     | Identified the +1 chain mail "Beshej" {-Cast Fly Will+++}
 24825 | D:12     | Reached skill level 16 in Fighting
 25480 | D:12     | Noticed Rupert
 25503 | D:12     | Paralysed by Rupert for 2 turns
 25506 | D:12     | Killed Rupert
 26080 | D:13     | Acquired a +4 rapier of freezing
 26362 | D:13     | Reached skill level 17 in Fighting
 26362 | D:13     | Reached XP level 15. HP: 101/161 MP: 22/22
 27338 | D:14     | Found a runed translucent gate.
 27338 | D:14     | Found a runed translucent gate.
 27361 | D:14     | Noticed Fihan's ghost (journeyman DsCj)
 28161 | D:14     | Found a gate to the Vaults.
 28306 | D:14     | Reached skill level 11 in Short Blades
 28901 | D:14     | Found a runed translucent gate.
 29512 | D:14     | Reached skill level 18 in Fighting
 29717 | D:14     | Reached skill level 12 in Short Blades
 29986 | D:14     | Found a portal to a secret trove of treasure.
 30180 | D:14     | Reached skill level 7 in Shapeshifting
 30180 | D:14     | Reached XP level 16. HP: 172/172 MP: 23/23
 30358 | Orc:2    | Bought a pair of embroidered gloves for 247 gold pieces
 30394 | Orc:2    | Bought a scroll of enchant armour for 112 gold pieces
 30667 | D:15     | Entered Level 15 of the Dungeon
 30719 | D:15     | Found a broken altar of Ashenzari.
 31003 | D:15     | Reached skill level 8 in Shapeshifting
 31062 | D:15     | Paralysed by an orc sorcerer for 4 turns
 31358 | D:15     | Reached skill level 9 in Shapeshifting
 31440 | D:15     | Found a staircase to the Depths.
 32414 | Lair:5   | Reached skill level 13 in Short Blades
 32450 | Lair:5   | Found a corrupted altar of Lugonu.
 32450 | Lair:5   | Found a one-way gate to the infinite horrors of the Abyss.
 32682 | Swamp:1  | Entered Level 1 of the Swamp
 32858 | Swamp:1  | Reached XP level 17. HP: 175/179 MP: 24/24
 33044 | Swamp:1  | Reached skill level 14 in Short Blades
 34992 | Swamp:3  | Found a transporter.
 35992 | Swamp:3  | Found a transporter.
 36036 | Swamp:3  | Reached skill level 11 in Invocations
 36163 | Swamp:4  | Entered Level 4 of the Swamp
 36293 | Swamp:4  | Got Kikubaaqudgha's Precepts of Reanimation Made Easy
 36966 | Swamp:4  | Reached skill level 11 in Shields
 37255 | Swamp:4  | Reached skill level 11 in Dodging
 38382 | Swamp:4  | Paralysed by a fenstrider witch for 3 turns
 38390 | Swamp:4  | Reached skill level 12 in Invocations
 38628 | Swamp:4  | Reached skill level 12 in Shields
 39118 | Swamp:4  | Got a decaying rune of Zot
 39453 | Snake:1  | Entered Level 1 of the Snake Pit
 39480 | Snake:1  | Reached skill level 12 in Dodging
 39794 | Snake:1  | Reached XP level 18. HP: 189/189 MP: 27/27
 39833 | Snake:1  | Identified the ring of Hutooqev {*Slow rPois rC+ Will+}
 40049 | Snake:1  | Reached skill level 13 in Dodging
 40635 | Snake:2  | Noticed Jorgrun
 40664 | Snake:2  | Killed Jorgrun
 40947 | Snake:2  | Found an opulent altar of Gozag.
 40998 | Snake:2  | Reached skill level 10 in Shapeshifting
 41504 | Snake:2  | Reached skill level 11 in Shapeshifting
 42620 | Snake:2  | Found Gyism's Jewellery Shop.
 42620 | Snake:2  | Found Arhoappy's Book Shoppe.
 42621 | Snake:2  | Found Zufuyte's Book Shoppe.
 43149 | D:14     | You paid a toll of 5 scrolls of fog to enter a treasure
                  | trove
 43150 | Trove    | Entered a treasure trove
 43158 | Trove    | Identified the staff of the Skies Above {rPois Will+ rCorr
                  | Int-4 Dex+5 Poison}
 43498 | Snake:3  | Reached skill level 12 in Shapeshifting
 43662 | Snake:3  | Identified the +5 flail "Ciru Ciu" {freeze, rN+ Will- Int+2
                  | Stlth+}
 43709 | Snake:3  | Reached skill level 10 in Evocations
 43922 | Snake:3  | Reached skill level 11 in Evocations
 44305 | Snake:3  | Identified the +5 hand axe of Cufapt {venom, Will+}
 44359 | Snake:4  | Entered Level 4 of the Snake Pit
 44376 | Snake:4  | Reached skill level 12 in Evocations
 44540 | Snake:4  | Found a shimmering altar of Xom.
 44875 | Snake:4  | Found a runed translucent gate.
 44875 | Snake:4  | Found a runed translucent gate.
 44875 | Snake:4  | Found an opulent altar of Gozag.
 44901 | Snake:4  | Reached skill level 13 in Evocations
 45362 | Snake:4  | Found a runed translucent gate.
 45364 | Snake:4  | Noticed confidenceinterval's ghost (adept MfSh)
 45366 | Snake:4  | Found Uloapp's Assorted Antiques.
 45886 | Snake:4  | Reached skill level 14 in Evocations
 46025 | Snake:4  | Reached XP level 19. HP: 195/196 MP: 28/28
 46976 | Snake:4  | Got a serpentine rune of Zot
 47231 | Snake:2  | Bought the amulet "Zuefal" {Reflect rElec rC+ Regen+ Dex+3
                  | SH+5} for 744 gold pieces
 47486 | Elf:1    | Entered Level 1 of the Elven Halls
 47567 | Elf:1    | Reached skill level 15 in Evocations
 47689 | Elf:1    | Noticed a Tzitzimitl
 48126 | Elf:1    | Found Aroys's Weapon Boutique.
 48290 | Elf:1    | Paralysed by an air elemental for 1 turns
 48294 | Elf:1    | Reached skill level 16 in Evocations
 48295 | Elf:1    | Paralysed by an air elemental for 1 turns
 48300 | Elf:1    | Paralysed by an air elemental for 1 turns
 48307 | Elf:1    | Reached skill level 14 in Dodging
 48346 | Elf:1    | Identified the ring of Lezxet {Fly rF+}
 49020 | Elf:2    | Noticed Louise
 49025 | Elf:2    | Killed Louise
 49185 | Elf:2    | Reached skill level 15 in Dodging
 49231 | Elf:2    | Found a runed translucent gate.
 49232 | Elf:2    | Found a runed translucent gate.
 49232 | Elf:2    | Found a runed translucent gate.
 49681 | Elf:2    | Found Odghuuh's Distillery.
 49686 | Elf:2    | Bought a potion of heal wounds for 85 gold pieces
 49686 | Elf:2    | Bought a potion of invisibility for 136 gold pieces
 49686 | Elf:2    | Bought a potion of curing for 51 gold pieces
 50198 | Elf:2    | Reached skill level 16 in Dodging
 50596 | Elf:3    | Entered Level 3 of the Elven Halls
 50614 | Elf:3    | Reached XP level 20. HP: 172/205 MP: 29/29
 50698 | Elf:3    | Paralysed by an air elemental for 1 turns
 50721 | Elf:3    | Paralysed by an air elemental for 1 turns
 50724 | Elf:3    | Paralysed by an air elemental for 1 turns
 50733 | Elf:3    | Reached skill level 17 in Evocations
 50796 | Elf:3    | Found Beejy's Antique Weapon Emporium.
 50848 | Elf:3    | Bought a steaming dagger for 224 gold pieces
 50848 | Elf:3    | Identified the +5 dagger of the Warrior-Mage {speed,
                  | Fragile rC+ Dex+3} (You bought it in a shop on level 3 of
                  | the Elven Halls)
 50851 | Elf:3    | Bought a runed rapier for 224 gold pieces
 51519 | Elf:3    | Reached skill level 18 in Evocations
 51532 | Abyss:3  | Found a corrupted altar of Lugonu.
 51532 | Abyss:3  | Cast into level 3 of the Abyss (a deep elf sorcerer)
 51557 | Abyss:3  | Got an abyssal rune of Zot
 51633 | Abyss:3  | Found a corrupted altar of Lugonu.
 51650 | Abyss:3  | Found a corrupted altar of Lugonu.
 51678 | Elf:3    | Escaped the Abyss
 51861 | Elf:3    | Reached skill level 19 in Evocations
 52048 | Elf:3    | Reached skill level 13 in Shields
 53137 | Elf:3    | Found the +12 glaive of Prune {freeze, Prune}
 53149 | Elf:3    | Got the Secrets of the Dynamic Swarm
 53154 | Elf:3    | Identified the +11 whip of Destrisy {drain, rElec}
 53164 | Elf:3    | Got the Atlas of the Quantum Cwm
 53168 | Elf:3    | Identified the +7 flail of Deja {drain, Dex+3}
 53190 | Elf:3    | Found the +3 pair of mountain boots {steadfast, rC+}
 53240 | Elf:3    | Identified the +8 rapier of Xepniluf {heavy, rElec rPois
                  | Str-3}
 53250 | Elf:3    | Identified the +8 flail of the Five Ultimatums {flame,
                  | Int+3}
 54881 | D:14     | Killed Fihan's ghost
 54928 | D:14     | Learned a level 4 spell: Manifold Assault
 54932 | D:14     | Learned a level 3 spell: Vhi's Electric Charge
 55022 | Vaults:1 | Entered Level 1 of the Vaults
 55105 | Vaults:1 | Reached skill level 1 in Spellcasting
 55105 | Vaults:1 | Reached skill level 1 in Air Magic
 55105 | Vaults:1 | Reached XP level 21. HP: 214/214 MP: 30/30
 55155 | Vaults:1 | Acquired the +5 rapier "Pauchoh" {heavy, rElec rF+ Will+}
 55322 | Vaults:1 | Reached skill level 2 in Air Magic
 55374 | Vaults:1 | Reached skill level 2 in Spellcasting
 55638 | Vaults:1 | Reached skill level 5 in Stealth
 55656 | Vaults:1 | Reached skill level 3 in Air Magic
 55734 | Vaults:1 | Reached skill level 3 in Spellcasting
 55743 | Vaults:1 | Found Atalu's Armour Boutique.
 56494 | Vaults:2 | Reached skill level 4 in Air Magic
 56513 | Vaults:2 | Reached skill level 6 in Stealth
 56541 | Vaults:2 | Found a staircase to the Crypt.
 56545 | Vaults:2 | Reached skill level 4 in Spellcasting
 56562 | Vaults:2 | Reached skill level 19 in Fighting
 56661 | Vaults:2 | Reached skill level 7 in Stealth
 56790 | Vaults:2 | Reached skill level 17 in Dodging
 56876 | Vaults:2 | Reached skill level 8 in Stealth
 57049 | Vaults:2 | Reached skill level 9 in Stealth
 57337 | Vaults:3 | Reached skill level 10 in Stealth
 57387 | Vaults:3 | Identified the -1 pair of boots of Wyumiorch {Str+3 Int+3}
 57487 | Vaults:3 | Reached skill level 18 in Dodging
 58154 | Vaults:3 | Reached skill level 5 in Air Magic
 58232 | Vaults:4 | Reached XP level 22. HP: 225/225 MP: 28/31
 58371 | Vaults:4 | Paralysed by a sphinx for 4 turns
 58488 | Vaults:4 | Reached skill level 9 in Translocations
 58739 | Vaults:4 | Reached skill level 6 in Air Magic
 58991 | Vaults:4 | Reached skill level 13 in Invocations
 59028 | Abyss:3  | Cast into level 3 of the Abyss (a wizard)
 59059 | Vaults:4 | Escaped the Abyss
 59583 | Depths:1 | Entered Level 1 of the Depths
 59628 | Depths:1 | Noticed Aizul
 59630 | Depths:1 | Noticed Saint Roka
 59651 | Depths:1 | Killed Aizul
 59673 | Depths:1 | Killed Saint Roka
 59811 | Depths:1 | Found a gateway to Hell.
 59830 | Depths:1 | Reached skill level 7 in Air Magic
 59863 | Depths:1 | Reached skill level 10 in Translocations
 59913 | Depths:1 | Reached skill level 14 in Invocations
 59915 | Depths:1 | Noticed Mara
 59919 | Depths:1 | Killed Mara
 59957 | Depths:1 | Found a magical portal.
 59968 | WizLab   | Entered The Chambers of the Cloud Mage
 60002 | WizLab   | Paralysed by an air elemental for 1 turns
 60022 | WizLab   | Reached skill level 15 in Invocations
 60190 | WizLab   | Paralysed by an air elemental for 1 turns
 60212 | WizLab   | Paralysed by an air elemental for 1 turns
 60278 | WizLab   | Paralysed by an air elemental for 1 turns
 60335 | WizLab   | Paralysed by you for 2 turns
 60338 | WizLab   | Paralysed by you for 5 turns
 60355 | WizLab   | Paralysed by an air elemental for 1 turns
 60433 | WizLab   | Identified the ring "Fevexev" {Drain Fly Int+3 Dex+4}
 60438 | WizLab   | Got the Tome of Relocated Bewitchment
 60711 | Depths:1 | Reached skill level 14 in Shields
 60795 | Depths:1 | Found a one-way gateway to a ziggurat.
 60879 | Depths:1 | Noticed Nikola
 60893 | Depths:1 | Killed Nikola
 60894 | Depths:1 | Reached skill level 15 in Shields
 60981 | Depths:1 | Found Fono's Armour Shop.
 61217 | Depths:2 | Reached XP level 23. HP: 234/234 MP: 34/34
 61382 | Depths:2 | Reached skill level 13 in Shapeshifting
 61447 | Depths:2 | Identified the +9 plate armour of the Stars {MP+9}
 61887 | Abyss:3  | Cast into level 3 of the Abyss (a wizard)
 61904 | Depths:2 | Escaped the Abyss
 61908 | Depths:2 | Reached skill level 14 in Shapeshifting
 62532 | Depths:3 | Noticed Margery
 62555 | Depths:3 | Killed Margery
 62842 | Depths:3 | Found a transporter.
 62847 | Depths:3 | Reached skill level 15 in Shapeshifting
 62874 | Depths:3 | Found Ufoikleing's General Store.
 62902 | Depths:3 | Bought a potion of heal wounds for 75 gold pieces
 62902 | Depths:3 | Bought a potion of cancellation for 120 gold pieces
 62996 | Depths:3 | Found a transporter.
 63035 | Depths:3 | Paralysed by a floating eye for 2 turns
 63046 | Depths:3 | Found Zeli's Antique Armour Emporium.
 63067 | Depths:3 | Bought a runed scarf for 280 gold pieces
 63193 | Depths:3 | Identified the ring of Menasirph {rC+ Will+ rCorr Slay+6}
 63391 | Depths:3 | Reached skill level 20 in Evocations
 63418 | Depths:3 | Identified the ring "Okhlaofre" {Fly Dex+6}
 63443 | Depths:3 | Noticed a juggernaut
 63452 | Depths:3 | Killed a juggernaut
 63453 | Depths:3 | Killed a juggernaut
 63588 | Depths:3 | Identified the ring of Kich {Ice Dex+2 Slay-5 Stlth+}
 63712 | Depths:4 | Entered Level 4 of the Depths
 63721 | Depths:4 | Reached XP level 24. HP: 243/243 MP: 34/34
 63918 | Depths:4 | Found an ornate altar of the Wu Jian Council.
 64008 | Depths:4 | Reached skill level 21 in Evocations
 64173 | Depths:4 | Found Imoowoh's Jewellery Shoppe.
 64688 | Depths:4 | Reached skill level 20 in Fighting
 64740 | Depths:4 | Found a gate to the Realm of Zot.
 64979 | Zot:1    | Entered Level 1 of the Realm of Zot
 64986 | Zot:1    | Learned a level 1 spell: Apportation
 64996 | Zot:1    | Learned a level 2 spell: Passwall
 65538 | Zot:2    | Reached skill level 21 in Fighting
 65551 | Zot:2    | Reached skill level 1 in Transmutations
 65551 | Zot:2    | Reached skill level 1 in Earth Magic
 65566 | Zot:2    | Reached skill level 2 in Transmutations
 65566 | Zot:2    | Reached skill level 2 in Earth Magic
 65691 | Zot:3    | Reached skill level 3 in Transmutations
 65691 | Zot:3    | Reached skill level 3 in Earth Magic
 65729 | Zot:3    | Noticed an orb of fire
 65748 | Zot:3    | Killed an orb of fire
 65749 | Zot:3    | Reached skill level 4 in Transmutations
 65749 | Zot:3    | Reached skill level 4 in Earth Magic
 65879 | Zot:3    | Reached skill level 5 in Transmutations
 65947 | Zot:4    | Reached skill level 5 in Earth Magic
 66171 | Zot:4    | Noticed a Killer Klown
 66175 | Zot:4    | Killed a Killer Klown
 66347 | Zot:4    | Reached XP level 25. HP: 253/258 MP: 22/34
 66732 | Zot:4    | Reached skill level 16 in Shields
 66991 | Zot:5    | Entered Level 5 of the Realm of Zot
 67433 | Zot:5    | Reached skill level 19 in Dodging
 67702 | Zot:5    | Acquired a manual of Translocations
 68175 | Zot:5    | Noticed a dread lich
 68185 | Zot:5    | Killed a dread lich
 68300 | Zot:5    | Noticed a dread lich
 68311 | Zot:5    | Killed a dread lich
 69368 | Zot:5    | Reached skill level 11 in Translocations
 69738 | Zot:5    | Noticed a Killer Klown
 69753 | Zot:5    | Killed a Killer Klown
 69810 | Zot:5    | Noticed a Killer Klown
 69815 | Zot:5    | Killed a Killer Klown
 69823 | Zot:5    | Noticed an ancient lich
 69828 | Zot:5    | Killed an ancient lich
 69829 | Zot:5    | Reached skill level 17 in Shields
 70991 | Zot:5    | Noticed a Killer Klown
 71004 | Zot:5    | a Killer Klown changed into an acid blob
 71032 | Zot:5    | Noticed an orb of fire
 71037 | Zot:5    | Gained mutation: Your body sometimes deteriorates upon
                  | taking damage. [an orb of fire]
 71043 | Zot:5    | Killed an orb of fire
 71074 | Zot:5    | Noticed an orb of fire
 71075 | Zot:5    | Gained mutation: You have hidden genetic defects. [an orb
                  | of fire]
 71093 | Zot:5    | Killed an orb of fire
 71107 | Zot:5    | Reached skill level 12 in Translocations
 71416 | Zot:5    | Got the Orb of Zot
 71446 | Zot:5    | Noticed a Killer Klown
 71787 | D:13     | Noticed Kinguem the pandemonium lord
 72037 | D:$      | Escaped with the Orb!

Illustrated notes

Levels and vault maps discovered:
D:1:      amcnicky_arrival_underground_garden, layout_loops_ring,
          shapermc_ecumenical_altar_petra
D:2:      layout_basic, serial_shops, nicolae_shop_hallway_stairs, basic_altar
D:3:      wad_crossroads, layout_rooms, nicolae_overflow_hallway_of_the_gods,
          serial_shops, shop, gammafunk_ghost_grave
D:4:      layout_basic, mainiacjoe_overflow_boulevard, serial_demonic,
          serial_demonic_d, serial_demonic_g, serial_demonic_e,
          serial_demonic_g, ebering_ghost_sewer_d, minmay_pentomino_pile
D:5:      minmay_inner_zag, layout_cave_pods, lemuel_doored_altar,
          mainiacjoe_overflow_tiny_flanked
D:6:      layout_gridville, minmay_temple_entry_large_hall
D:7:      layout_basic, eat_drink_and_be_merry_uskayaw, enter_bailey_1,
          worms_lemuel
D:8:      layout_loops_cross, hangedman_decor_push
D:9:      layout_roguey, dpeg_lair_monsters
D:10:     layout_rooms, hangedman_glass_garden, serial_bayou_crossing
D:11:     layout_long_grid, david_orc_2, uniq_josephine
D:12:     layout_basic, uniq_kirke, uniq_rupert
D:13:     layout_loops_cross, corexii_leaking_fountain
D:14:     nzn_winding_woodlands_cross [nzn_winding_woodlands_5x15_default,
          nzn_winding_woodlands_5x15_crooked, nzn_winding_woodlands_5x15_cabin,
          nzn_winding_woodlands_5x15_concentric,
          nzn_winding_woodlands_15x15_thick_spiral], layout_gridville,
          portal_ice_cave_entry_frozen_things, nicolae_trove_entry_crossroad,
          hangedman_abyss_or_decor_lesser_grid, gammafunk_ghost_split,
          drop_trap, minmay_mirror_moons_of_madness
D:15:     hangedman_depths_entry_civil_slaughter, layout_stronghold,
          nicolae_ashenzari_panopticon, minmay_checkered_concentric_circles
Temple:   hellmonk_temple_forest_ring
Lair:1:   layout_regular_city, serial_bayou_shore_a, infiniplex_staircase_pool_2
Lair:2:   layout_gridlike, swamp_mist, nicolae_snake_entry_warm_welcome,
          nicolae_lair_lakeside_cave
Lair:3:   layout_cave_pods, minivault_25, kennysheep_snail_temple
Lair:4:   layout_big_grid, dreamdust_gnoll_shepherd, lemuel_fruit_fields,
          lemuel_fruit_tree
Lair:5:   hellmonk_lair_end_abyssal_woods, layout_long_grid, slime_entry_1,
          enter_volcano_4
Swamp:1:  layout_falls_marsh, evilmike_swamp_ruin_house_5, swamp_pool1
Swamp:2:  layout_falls_marsh, nicolae_swamp_triple_paths, swamp_pool5
Swamp:3:  gammafunk_sealed_arena, layout_basic_swamp,
          evilmike_swamp_ruin_rubble_2
Swamp:4:  nzn_swamp_witches_coven, layout_basic_swamp, swamp_pool4,
          nicolae_swamp_necromancy_gone_wrong
Snake:1:  layout_misc_corridors, nicolae_snake_dead_anacondas
Snake:2:  kennysheep_snake, layout_basic, basic_altar, minmay_shop_grove,
          serial_bayou_shore_b, grunt_megastairs_5, uniq_jorgrun
Snake:3:  layout_onion, nicolae_snake_salamander_fort
Snake:4:  minmay_snake_end_coiled, layout_layer_cave, ebering_ghost_gozag,
          basic_altar
Orc:1:    layout_caves
Orc:2:    pf_orc_diabolical, layout_diamond_mine, serial_shops, shop,
          nicolae_shop_overcharged_wands
Elf:1:    eino_elf_arrival_sip, layout_rooms, serial_shops,
          nicolae_shop_bloodbath_and_beyond, hangedman_elf_represent,
          corexii_checkpoint_a, hex_tiny, nicolae_elf_loose_elemental_storage,
          grunt_megastairs_3
Elf:2:    nicolae_elf_blades_crystal_corner, layout_onion_city, serial_shops,
          nicolae_shop_rolling_square, grunt_ministairs_10, uniq_louise
Elf:3:    minmay_elf_hall_four_x, layout_gridlike, serial_shops, shop,
          nicolae_elf_variegated_diamond
Vaults:1: nicolae_vaults_house_3, v_misc_16, nicolae_vaults_six-pack,
          nicolae_vaults_prndl, nicolae_vaults_storage_room_statues,
          nicolae_vaults_specimen_jars, nicolae_vaults_diamond_2,
          nicolae_vaults_little_squares_6, nicolae_vaults_theta,
          nicolae_vaults_doubleplus_tesselated,
          nicolae_vaults_trapezoid_lopsided_1, layout_vaults_omnigrid,
          serial_shops, nicolae_shop_waterfront
Vaults:2: nicolae_vaults_trapezoid_lopsided_3,
          nicolae_vaults_windows_and_doors_thing, ontoclasm_vaults_spin,
          minmay_crypt_entry_simple_corners, vaults_mumra_minichess,
          nicolae_vaults_sesquioval_fish, hangedman_vaults_hat,
          grunt_vaults_funnel, nicolae_vaults_shelves_hall,
          ontoclasm_vaults_ligature, nicolae_vaults_trapezoid_3,
          nicolae_vaults_hexular_roomagon, vaults_room_stairs_pillars,
          layout_vaults_omnibox
Vaults:3: nicolae_vaults_trapezoid_1, grunt_vaults_bifocal,
          nicolae_vaults_house_2, nicolae_vaults_tangram_2, v_misc_19,
          nicolae_vaults_yaktaur_gun_rack, vaults_room_grid, v_misc_26,
          nicolae_vaults_hexular_roomagon, hangedman_vaults_snaps,
          nicolae_vaults_trapezoid_3, layout_vaults_ring
Vaults:4: v_misc_8, vaults_mumra_hexcomb, v_rooms_1, vaults_dpeg_spiral,
          nicolae_vaults_little_squares_2, vaults_room_grunt_arrival_ludios,
          vaults_dpeg_ring, v_alt_pattern_1, v_misc_9, nicolae_vaults_wrenched,
          nicolae_vaults_tangram_1, layout_vaults_big_cross
Depths:1: layout_roguey [special_room_mythical_zoo], enter_ziggurat_e,
          serial_shops, nicolae_square_shop, hangedman_coc_ice_floe,
          mu_enter_wizlab_4, minmay_misc_feat_plants,
          kennysheep_generic_room_14, uniq_saint_roka, uniq_mara, uniq_aizul,
          uniq_nikola
Depths:2: hangedman_cross_cluster, layout_honeycomb, pan_entry,
          chequers_big_river, hell_entry, minmay_staircase_windowed_small
Depths:3: hangedman_spin_cycle, abyss_entry, hell_entry, uniq_margery
Depths:4: evilmike_zot_entry_hall, layout_gridlike, pan_entry, lightli_too_deep,
          serial_shops, shop, nicolae_twisty_statue_hallways,
          nzn_wu_jian_contemplation
Zot:1:    layout_misc_corridors
Zot:2:    layout_gridville, st_stairs_11
Zot:3:    layout_gridlike, grunt_ministairs_9
Zot:4:    layout_misc_corridors
Zot:5:    layout_twisted_circle, hangedman_zot_decor_scrapings

Skill      XL: |  1  2  3  4  5  6  7  8  9 10 11 12 13 14 15 16 17 18 19 20 21 22 23 24 25 |
---------------+----------------------------------------------------------------------------+-----
Stealth        | 2 4 10 | 10.0
Fighting       | 2 3 4 5 7 11 14 15 17 18 19 21 | 21.0
Short Blades   | 1 3 6 7 9 10 12 13 14 | 14.0
Shapeshifting  | 3 4 6 7 9 12 15 | 15.0
Shields        | 1 3 4 7 9 10 12 13 15 17 | 17.5
Invocations    | 1 5 8 9 10 12 15 | 15.0
Translocations | 4 5 8 10 12 | 12.0
Dodging        | 5 9 10 12 13 16 18 19 | 19.7
Evocations     | 5 9 14 16 19 20 21 | 21.0
Spellcasting   | 1 4 |  4.0
Air Magic      | 1 5 7 |  7.0
Transmutations | 5 |  5.0
Earth Magic    | 5 |  5.0

Action                     |  1- 3 |  4- 6 |  7- 9 | 10-12 | 13-15 | 16-18 | 19-21 | 22-24 | 25-27 || total
---------------------------+-------+-------+-------+-------+-------+-------+-------+-------+-------++-------
  Melee: Dagger            |       |    12 |   221 |   826 |  1166 |   577 |   136 |       |       ||  2938
         Tailslap          |       |     1 |    40 |   175 |   358 |   270 |   389 |   407 |    91 ||  1731
         Bite              |       |       |       |       |   195 |   203 |   330 |   320 |    74 ||  1122
         Rapier            |       |       |       |       |   334 |   685 |  1606 |  1634 |   329 ||  4588
         Maw               |       |       |       |       |       |   345 |   478 |   473 |    93 ||  1389
   Fire: Sling             |   244 |   206 |     7 |       |       |       |       |       |       ||   457
  Throw: Dart              |       |       |       |     2 |     2 |     1 |       |       |       ||     5
   Cast: Blink             |       |       |       |       |     1 |       |       |       |     1 ||     2
         Vhi's Electric Ch |       |       |       |       |       |       |    15 |    52 |    27 ||    94
         Manifold Assault  |       |       |       |       |       |       |       |    13 |     1 ||    14
         Apportation       |       |       |       |       |       |       |       |     4 |     3 ||     7
         Passwall          |       |       |       |       |       |       |       |     2 |       ||     2
 Invoke: Stomp             |       |       |       |    16 |    27 |    31 |    23 |     8 |       ||   105
         Line Pass         |       |       |       |     2 |     4 |     4 |     3 |     1 |     4 ||    18
         Grand Finale      |       |       |       |       |     1 |     1 |     2 |     7 |       ||    11
Ability: Breathe Acid      |       |       |    13 |    10 |     7 |     4 |     1 |       |     1 ||    36
  Evoke: Wand              |       |     9 |    12 |     4 |    11 |    34 |     7 |     4 |     2 ||    83
         Lightning rod     |       |       |       |     9 |     8 |     7 |     9 |       |       ||    33
         Tin of tremorston |       |       |       |       |       |     3 |     2 |       |       ||     5
         Phial of floods   |       |       |       |       |       |     1 |     2 |     2 |     1 ||     6
    Use: Scroll            |       |     5 |     6 |    11 |    13 |    12 |    11 |    12 |     5 ||    75
         Potion            |       |       |     1 |     4 |     1 |     5 |     2 |     1 |    12 ||    26
   Stab: Sleeping          |       |     1 |     3 |    15 |    19 |    44 |    25 |    22 |     1 ||   130
         Paralysed         |       |       |     2 |    46 |    88 |   103 |   155 |   158 |    22 ||   574
         Distracted        |       |       |       |     2 |     2 |     2 |     3 |     4 |       ||    13
         Confused          |       |       |       |     1 |     3 |     1 |    14 |     9 |     6 ||    34
         Held in net/web   |       |       |       |       |       |       |       |     1 |       ||     1
 Armour: Skin              |    50 |    72 |    51 |   141 |   309 |   296 |   313 |   348 |    42 ||  1622
  Dodge: Dodged            |   120 |   122 |   106 |   262 |   464 |   483 |   657 |   847 |    87 ||  3148
  Block: Buckler           |       |       |    64 |    44 |       |       |       |       |       ||   108
         Kite shield       |       |       |       |   253 |   561 |   499 |  1063 |  1204 |   164 ||  3744
         Reflection        |       |       |       |       |       |       |    57 |    13 |     4 ||    74
   Form: Beast             |       |     1 |       |       |       |       |       |       |       ||     1
         Maw               |       |       |       |       |       |     1 |       |       |       ||     1

Table legend: (Time is in decaauts)
 A = Elapsed time spent in this place.
 B = Non-inter-level travel time spent in this place.
 C = Inter-level travel time spent in this place.
 D = Time resting spent in this place.
 E = Time spent auto-exploring this place.
 F = Levels seen in this place.
 G = Mean time per level.
                   A        B        C        D        E       F      G
               +--------+--------+--------+--------+--------+-----+--------+
         Total |  69715 |  64048 |   5667 |  16890 |  33315 |  53 | 1315.4 |
       Dungeon |  21520 |  19177 |   2343 |   3537 |  11711 |  15 | 1434.7 |
        Temple |      1 |      1 |      0 |      0 |      0 |   1 |    1.0 |
          Lair |   8489 |   7677 |    812 |   1293 |   4692 |   5 | 1697.8 |
         Swamp |   7126 |   6843 |    283 |   3209 |   2538 |   4 | 1781.5 |
     Snake Pit |   7204 |   6563 |    641 |   1517 |   3898 |   4 | 1801.0 |
  Orcish Mines |   3076 |   2631 |    445 |    973 |   1145 |   2 | 1538.0 |
   Elven Halls |   5730 |   5313 |    417 |   1524 |   2283 |   3 | 1910.0 |
        Vaults |   4154 |   3951 |    203 |      0 |   3180 |   4 | 1038.5 |
        Depths |   4586 |   4273 |    313 |    104 |   2965 |   4 | 1146.5 |
           Zot |   6323 |   6117 |    206 |   4249 |    718 |   5 | 1264.6 |
         Abyss |    150 |    150 |      0 |      0 |      0 |   3 |   50.0 |
         Trove |     65 |     65 |      0 |      0 |     29 |   1 |   65.0 |
        Bailey |    784 |    784 |      0 |    438 |    144 |   1 |  784.0 |
        Wizlab |    500 |    500 |      0 |     44 |     10 |   1 |  500.0 |
               +--------+--------+--------+--------+--------+-----+--------+

Top non-repeatable levels by time:
   Zot:5: 4321 daAuts
    D:14: 3340 daAuts
 Swamp:4: 3254 daAuts
  Lair:2: 2676 daAuts
 Snake:2: 2623 daAuts
 Snake:4: 2574 daAuts
   Orc:2: 2557 daAuts
   Elf:3: 2502 daAuts
     D:9: 2137 daAuts
     D:4: 1761 daAuts
 Swamp:2: 1750 daAuts
   Elf:1: 1739 daAuts
  Lair:3: 1700 daAuts
    D:12: 1609 daAuts
  Lair:1: 1555 daAuts
